 Dungeon Crawl Stone Soup version 0.31.0 (webtiles) character file.

Game seed: 2322507304920857720

88 qw the Shooter (level 4, -2/28 HPs)
             Began as a Gargoyle Hunter on Jan 19, 2024.
             Slain by a gnoll
             ... wielding a +0 halberd
              (6 damage)
             ... on level 3 of the Dungeon.
             The game lasted 00:00:06 (1381 turns).

qw the Shooter (Gargoyle Hunter)                    Turns: 1381, Time: 00:00:06

Health: -2/28      AC: 10    Str: 15    XL:     4   Next: 54%
Magic:  4/4        EV: 11    Int:  9    God:
Gold:   88         SH:  0    Dex: 15    Spells: 3/3 levels left

rFire   . . .        a - +1 shortbow
rCold   . . .        (shield currently unavailable)
rNeg    + . .        h - +0 ring mail
rPois   inf          d - +0 helmet
rElec   +            (no cloak)
rCorr   .            (no gloves)
SInv    .            (no boots)
Will    .....        (no amulet)
Stlth   +            f - +1 ring of protection
HPRegen 0.24/turn    (no ring)
MPRegen 0.09/turn

%: no passive effects
@: no status effects
A: sickness immunity, AC +3, negative energy resistance 1, electricity
resistance, torment resistance 1, petrification resistance
a: no special abilities


You were on level 3 of the Dungeon.
You visited 1 branch of the dungeon, and saw 3 of its levels.

You collected 121 gold pieces.
You spent 33 gold pieces at shops.


Innate Abilities, Weirdness & Mutations

You are immune to sickness and miasma.
Your stone body is resilient. (AC +3)
You are immune to poison.
You resist negative energy. (rN+)
You are resistant to electric shocks. (rElec)
You are resistant to unholy torment.
You are immune to petrification.


   Skills:
 - Level 3.0 Fighting
 + Level 5.3 Ranged Weapons
 - Level 1.1 Armour
 - Level 1.5 Dodging
 - Level 1.1 Stealth


You had 3 spell levels left.
You didn't know any spells.
Your spell library was empty.

Inventory:

Hand Weapons
 a - a +1 shortbow (weapon)
Armour
 d - a +0 helmet (worn)
 h - a +0 ring mail (worn)
Jewellery
 f - a +1 ring of protection (left hand)

Dungeon Overview and Level Annotations

Branches:
Dungeon (3/15)

Altars:

Shops:
D:2 =


Message History

The gnoll hits you but does no damage.
1371 ||| RETREEEEATING.
The ribbon worm expels a string of sticky webbing.
The stream of webbing hits you but does no damage.
You are caught in a web!
There is a web here.
You struggle to detach yourself from the web.
The web tears apart.
The gnoll hits you with a +1 whip of draining.
You shoot an arrow. The arrow hits the ribbon worm.
The ribbon worm is severely wounded.
The gnoll hits you with a +1 whip of draining.
The ribbon worm completely misses you.
The gnoll hits you with a +1 whip of draining.
You shoot an arrow. The arrow hits the ribbon worm!
You kill the ribbon worm!
The gnoll closely misses you.
You shoot an arrow. The arrow hits the gnoll!
The gnoll is almost dead.
The gnoll hits you but does no damage. The hobgoblin barely misses you.
1377 ||| RETREEEEATING.
The hobgoblin attacks as it pursues you!
The hobgoblin hits you but does no damage.
You shoot an arrow. The arrow hits the hobgoblin.
The hobgoblin is heavily wounded.
The hobgoblin barely misses you.
You shoot an arrow. The arrow hits the hobgoblin.
The hobgoblin is severely wounded.
The hobgoblin closely misses you. The hobgoblin barely misses you.
The gnoll hits you from afar with a +0 halberd.
You shoot an arrow.
The arrow hits the hobgoblin but does no damage.
The hobgoblin is severely wounded.
The gnoll hits you from afar with a +0 halberd.
The hobgoblin hits you.
You shoot an arrow. The arrow barely misses the hobgoblin.
The arrow hits the gnoll.
The gnoll is almost dead.
The gnoll hits you from afar with a +0 halberd.
You die...

##. # #.. .#
#..## .##
#...##..##..
#.#<#.......
#.#...#..#
#..gg...#
###g#..#..#
#@#g#g.#..
#:#...#g.#
#..>... ..
######)# .
.. ##


You could see 2 gnolls and a hobgoblin.

Vanquished Creatures
  A gnoll (D:1)
  3 adders (D:2)
  A dart slug (D:2)
  A ribbon worm (D:3)
  2 endoplasms
  3 giant cockroaches (D:1)
  3 goblins (D:1)
  2 hobgoblins (D:1)
  4 jackals (D:2)
  A kobold (D:1)
  5 quokkas
  5 ball pythons
  6 bats
  4 frilled lizards
  8 rats
49 creatures vanquished.

Notes
Turn   | Place    | Note
-------+----------+-------------------------------------------
     0 | D:1      | qw the Gargoyle Hunter began the quest for the Orb.
     0 | D:1      | Reached XP level 1. HP: 12/12 MP: 1/1
     0 | D:1      | 0 ||| qw: Version: 0.3-a-132-g3d54051
     0 | D:1      | 0 ||| qw: Game counter: 71
     0 | D:1      | 0 ||| qw: Melee chars always use a shield: true
     0 | D:1      | 0 ||| qw: God list: Okawaru
     0 | D:1      | 0 ||| qw: Allow faded altars: false
     0 | D:1      | 0 ||| qw: Do Orc after clearing Dungeon:15 true
     0 | D:1      | 0 ||| qw: Do second Lair branch before Depths: true
     0 | D:1      | 0 ||| qw: Lair rune preference: random
     0 | D:1      | 0 ||| qw: Goals: Normal
     0 | D:1      | 0 ||| PLANNING D:1-11
   100 | D:1      | Reached XP level 2. HP: 17/17 MP: 2/2
   288 | D:1      | Reached XP level 3. HP: 21/21 MP: 3/3
   374 | D:1      | Reached skill level 5 in Ranged Weapons
   806 | D:1      | 806 ||| UPGRADING to +0 helmet.
   811 | D:1      | 811 ||| UPGRADING to +0 ring mail.
   821 | D:1      | 821 ||| DROPPING +0 leather armour.
   822 | D:1      | 822 ||| READING scroll labelled PUDUDOOBE.
   822 | D:1      | 822 ||| ENCHANTING +0 shortbow.
   823 | D:1      | 823 ||| READING 3 scrolls labelled HUUMPI JAACK.
   823 | D:1      | 823 ||| IDENTIFYING emerald potion
   824 | D:1      | 824 ||| READING 2 scrolls of identify.
   824 | D:1      | 824 ||| IDENTIFYING fuming emerald potion
   825 | D:1      | 825 ||| READING scroll of identify.
   825 | D:1      | 825 ||| IDENTIFYING scroll labelled OPSUMY AZXU
   826 | D:1      | 826 ||| READING 2 scrolls labelled MITEANLEIFIE.
   827 | D:1      | 827 ||| DROPPING scroll of butterflies.
   828 | D:1      | 828 ||| DROPPING potion of attraction.
   829 | D:1      | 829 ||| DROPPING scroll of noise.
   830 | D:1      | 830 ||| DROPPING scroll of fear.
   831 | D:1      | 831 ||| DROPPING potion of magic.
   839 | D:2      | 839 ||| STAIRDANCE
   891 | D:2      | Reached skill level 1 in Armour
   917 | D:2      | Found Deuta's One-of-a-Kind Rings.
   923 | D:2      | 923 ||| BUYING +1 ring of protection (33 gold).
   923 | D:2      | Bought a +1 ring of protection for 33 gold pieces
   923 | D:2      | 923 ||| SHOPLISTING +4 ring of strength (165 gold, have 1).
   923 | D:2      | 923 ||| SHOPLISTING +5 ring of dexterity (231 gold, have
                  | 1).
   923 | D:2      | 923 ||| SHOPLISTING +6 ring of slaying (1581 gold, have 1).
   923 | D:2      | 923 ||| SHOPLISTING ring of Mois {rC+ rN+ rCorr Int-2
                  | Dex+3} (458 gold, have 1).
  1003 | D:2      | Reached XP level 4. HP: 27/27 MP: 4/4
  1031 | D:2      | Reached skill level 3 in Fighting
  1101 | D:2      | 1101 ||| FLEEEEING.
  1334 | D:2      | 1334 ||| UPGRADING to +1 ring of protection.
  1335 | D:2      | 1335 ||| READING scroll of identify.
  1335 | D:2      | 1335 ||| IDENTIFYING green potion
  1336 | D:2      | 1336 ||| READING scroll labelled WUQ CAEMEYXU.
  1337 | D:2      | 1337 ||| DROPPING potion of ambrosia.
  1370 | D:3      | 1370 ||| RETREEEEATING.
  1371 | D:3      | 1371 ||| RETREEEEATING.
  1377 | D:3      | 1377 ||| RETREEEEATING.
  1380 | D:3      | HP: 7/28 [gnoll/+0 halberd (5)]
  1381 | D:3      | Slain by a gnoll

Levels and vault maps discovered:
D:1:      dpeg_arrival_round_a, layout_loops_ring, kennysheep_another_room,
          serial_park_tiny_1
D:2:      layout_rooms, nicolae_shop_unique_rings
D:3:      layout_loops_cross, okawaru_altar_gauntlet_db,
          mainiacjoe_overflow_brackets, minmay_misc_feat_diagonals,
          serial_park_tiny_1, minmay_mini_jars, uniq_terence

Skill      XL: |  1  2  3  4 |
---------------+-------------+-----
Ranged Weapons | 5 |  5.3
Armour         | 1 |  1.1
Fighting       | 3 |  3.0
Dodging        | |  1.5
Stealth        | |  1.1

Action                     |  1- 3 |  4- 6 || total
---------------------------+-------+-------++-------
   Fire: Shortbow          |   107 |    47 ||   154
    Use: Scroll            |     5 |     2 ||     7
 Armour: Leather armour    |    16 |       ||    16
         Ring mail         |     8 |    22 ||    30
  Dodge: Dodged            |    34 |    16 ||    50

Table legend:
 A = Non-vault XP
 B = Vault XP
 C = Vault XP percentage of total XP
 D = Non-vault monster count
 E = Vault monster count
 F = Vault count percentage of total count
                 A         B        C        D         E       F
            +---------+---------+-------+---------+---------+-------
      Total |     127 |       0 |   0.0 |      49 |       0 |   0.0
            +---------+---------+-------+---------+---------+-------
        D:1 |      52 |       0 |   0.0 |      25 |       0 |   0.0
        D:2 |      71 |       0 |   0.0 |      23 |       0 |   0.0
        D:3 |       4 |       0 |   0.0 |       1 |       0 |   0.0
            +---------+---------+-------+---------+---------+-------
